AoeStats
← Falsche Haut

Pilgrims

509916850Analyzed
2v2 RM · 2d ago on Sep 28, 2026· 14m 4s· 4 players
Game mode
Random Map
Map size
Medium (4 player)
Population
200
Speed
Normal
Resources
Standard
Victory
Conquest
Starting age
Dark Age
Ending age
Imperial Age
RankedLock teamsTeams togetherTeam positionsShared explorationLock speedFull tech treeHidden civsTurbo modeCheats
Victory
Defeat
🇩🇪 Berbers · Germany
1607
+21
🇩🇪 Turks · Germany
1457
+27
🇨🇳 Saracens · China
1778
-26
🇨🇳 Armenians · China
1652
-22
Falsche Haut
8:43 Loom
10:51 Feudal Age
11:58 Fishing Lines
I_hate_arabia
7:57 Loom
9:45 Feudal Age
8:09 Loom
10:22 Double-Bit Axe
10:38 Town Watch
16:41 Castle Age
老愛國
1:23 Loom
10:06 Feudal Age
11:21 Double-Bit Axe
11:28 Gold Mining
Emperor_Napoleon
10:35 Feudal Age
10:59 Loom
12:41 Double-Bit Axe
15:00 Castle Age
13:45 Fletching
13:43 Fishing Lines
Connection lost

Rejoining the realm…

Still unreachable

The connection could not be restored.

Session expired

The server has moved on; the page needs a fresh start.